Map: King Sejong Station LE

Players

Elbows - Winner!

  • Race: Terran Terran
  • League: Gold
  • Spawn Location: 11:00

Fropez

  • Race: Protoss Protoss
  • League: Gold
  • Spawn Location: 5:00

VOD

Have the link to the VOD?

Description

Time

  • Played on: Sept. 19, 2016, 11:41 a.m.
  • Length: 13:52
Show
View Real Time Build Order
Export as new Build Order

Elbows Terran - Winner!

Build Orders: Reaper Expand, MMM Bio 

Get SALT Encoding   

  12  0:00  SCV  
  13  0:13  SCV  
  14  0:17  Supply Depot  
  14  0:25  SCV  
  15  0:29  Refinery  
  15  0:41  Barracks  
  15  0:45  SCV  
  16  0:57  SCV  
  17  1:09  SCV  
  18  1:21  SCV  
  19  1:29  Reaper  
  20  1:37  Command Center  
  20  1:53  Factory  
  20  1:56  Orbital Command  
  20  2:13  Barracks Tech Lab  
  20  2:28  Barracks  
  20  2:29  Barracks  
  20  2:37  Starport  
  20  2:42  SCV  
  20  2:43  Refinery  
  21  2:56  Orbital Command  
  21  3:04  SCV  
  24  3:17  Widow Mine  
  24  3:18  Medivac  
  26  3:21  Marine  
  26  3:26  Marine x2  
  29  3:39  SCV  
  29  3:40  SCV  
  24  3:51  SCV  
  25  4:00  Marine x3  
  25  4:02  Widow Mine  
  30  4:14  Stimpack  
  30  4:22  Marine x3  
  33  4:29  SCV  
  33  4:30  SCV  
  28  4:41  SCV  
  28  4:42  SCV  
  30  4:55  SCV x2  
  32  5:07  SCV x2  
  34  5:14  Marine x2  
  34  5:19  SCV x2  
  38  5:28  Supply Depot  
  38  5:50  Marine x3, SCV  
  38  5:52  SCV  
  43  6:02  SCV  
  43  6:03  Supply Depot  
  44  6:04  SCV  
  44  6:07  Marine  
  46  6:22  Combat Shields  
  46  6:24  Marine x2  
  50  6:26  Supply Depot  
  50  6:34  Barracks Reactor  
  50  6:38  Factory Reactor  
  48  6:42  Engineering Bay  
  48  6:45  Marauder  
  50  6:48  Supply Depot  
  50  6:51  Barracks Tech Lab  
  50  7:11  Marine x2, Supply Depot  
  50  7:12  Marauder x2  
  50  7:13  SCV x2  
  56  7:22  Factory Tech Lab  
  56  7:23  Refinery  
  54  7:30  Missile Turret  
  54  7:32  Missile Turret  
  54  7:33  Missile Turret  
  54  7:40  Marine x2  
  54  7:41  Siege Tank, Marauder x2  
  63  7:45  SCV  
  64  7:57  SCV x2  
  66  7:59  Terran Infantry Weapons Level 1  
  66  8:01  Marine  
  66  8:02  Marine  
  68  8:07  Marauder  
  68  8:09  SCV  
  68  8:11  Marauder  
  73  8:18  Supply Depot  
  73  8:23  Supply Depot  
  73  8:26  Medivac  
  75  8:48  Marine  
  75  8:49  Marine  
  75  8:50  Marauder x2  
  81  9:03  Siege Tank  
  81  9:06  Supply Depot  
  84  9:23  Marine x2  
  90  9:24  Marauder x2  
  90  9:25  Medivac x2  
  90  9:31  Command Center  
  94  9:32  Supply Depot  
  94  9:33  Supply Depot  
  94  9:38  Siege Tank  
  96  9:53  Terran Infantry Armor Level 1  
  83  10:39  Marine x2, Marauder  
  83  10:40  Siege Tank, Marauder  
  92  11:12  Siege Tank  
  95  11:22  Marine x2  
  95  11:23  Marauder x2  
  101  11:36  Barracks  
  101  11:37  Orbital Command, Barracks  
  101  11:44  Siege Tank  
  90  12:32  Marine x2  
  90  12:33  Marauder x2  
  79  12:50  Marine x2  
  79  12:55  Marine x2  
  81  13:08  Marine  
  81  13:10  Barracks Tech Lab x2  
  78  13:24  Marine  
  78  13:25  Marine x3  
  77  13:32  Marine  
  87  13:36  SCV x3  
Show
View Real Time Build Order
Export as new Build Order

Fropez Protoss 

Build Orders: Oracle Opening 

Get SALT Encoding   

  12  0:01  Probe (Chrono Boost)  
  13  0:16  Pylon  
  13  0:17  Probe (Chrono Boost)  
  14  0:34  Gateway  
  15  0:35  Probe (Chrono Boost)  
  15  0:46  Probe (Chrono Boost)  
  16  0:50  Assimilator  
  16  0:56  Probe (Chrono Boost)  
  17  0:57  Assimilator  
  17  1:02  Pylon  
  17  1:07  Probe (Chrono Boost)  
  18  1:18  Probe (Chrono Boost)  
  19  1:24  Cybernetics Core  
  19  1:28  Probe (Chrono Boost)  
  20  1:40  Pylon, Probe (Chrono Boost)  
  21  1:50  Probe (Chrono Boost)  
  22  2:01  Stargate  
  22  2:09  Probe (Chrono Boost)  
  24  2:23  Mothership Core (Chrono Boost)  
  25  2:34  Warp Gate (Chrono Boost)  
  25  2:42  Oracle (Chrono Boost)  
  25  2:49  Probe  
  28  3:15  Pylon  
  28  3:26  Pylon  
  27  3:27  Probe, Oracle  
  30  3:56  Probe  
  31  4:03  Oracle  
  31  4:06  Gateway  
  31  4:07  Gateway  
  31  4:08  Probe  
  35  4:13  Gateway  
  35  4:15  Gateway  
  35  4:23  Nexus  
  35  4:43  Probe  
  33  4:55  Probe  
  34  5:07  Pylon, Robotics Facility  
  34  5:11  Probe  
  35  5:23  Probe, Forge  
  35  5:26  Pylon  
  36  5:35  Probe  
  37  5:46  Phoenix  
  37  5:47  Probe  
  40  5:55  Observer  
  41  5:57  Stalker x2  
  41  5:59  Stalker  
  41  6:00  Stalker  
  41  6:01  Protoss Ground Weapons Level 1 (Chrono Boost)  
  49  6:07  Pylon  
  49  6:09  Probe  
  49  6:11  Probe  
  51  6:21  Probe  
  52  6:44  Adept  
  52  6:45  Adept x4  
  62  6:51  Gateway  
  62  6:59  Gateway  
  62  7:01  Pylon  
  62  7:03  Probe  
  62  7:04  Probe  
  64  7:12  Pylon  
  64  7:14  Assimilator  
  64  7:15  Stalker  
  66  7:17  Stalker  
  68  7:24  Phoenix  
  70  7:31  Probe  
  71  7:38  Probe  
  71  7:43  Adept x5  
  82  8:00  Protoss Ground Armor Level 1 (Chrono Boost)  
  82  8:05  Assimilator  
  82  8:09  Immortal  
  86  8:14  Probe  
  86  8:16  Twilight Council  
  86  8:17  Probe  
  88  8:31  Probe x2  
  90  8:40  Oracle  
  93  8:43  Probe x2  
  93  8:48  Immortal  
  99  9:12  Resonating Glaives (Chrono Boost)  
  99  9:15  Oracle  
  102  9:23  Forge  
  102  9:42  Probe  
  102  9:44  Nexus  
  103  9:46  Immortal  
  103  9:51  Phoenix  
  95  10:21  Protoss Ground Weapons Level 2 (Chrono Boost)  
  95  10:24  Stalker  
  95  10:25  Warp Prism, Stalker x4  
  101  10:38  Pylon  
  101  10:41  Pylon  
  101  10:47  Pylon  
  101  10:49  Adept  
  103  10:50  Adept x3  
  109  11:04  Protoss Ground Armor Level 2 (Chrono Boost)  
  109  11:12  Probe x2  
  109  11:13  Probe  
  109  11:14  Pylon  
  109  11:17  Pylon  
  106  11:24  Adept x3  
  106  11:25  Adept x4, Assimilator  
  118  11:31  Assimilator  
  120  11:37  Probe  
  119  11:46  Adept x2  
  119  11:47  Adept x5  
  60  13:06  Adept x3  
  60  13:07  Adept x2  
  48  13:30  Adept x5  
Tags
 
Add a new tag
Caveats
  • Supply blocks, unpowered buildings, or Contaminate may cause inaccurate times.
  • Supply counts are checked every 10 seconds.